 Dungeon Crawl Stone Soup version 0.30-a0-330-g8f2769a82d (webtiles) character file.

Game seed: 16057855002321428910

104 Kirkhe the Insei (level 4, 37/37 HPs)
             Began as a Demonspawn Monk on Oct 28, 2022.
             Was a Believer of Dithmenos.
             Quit the game on level 2 of the Dungeon.
             The game lasted 00:03:03 (1014 turns).

Kirkhe the Insei (Demonspawn Monk)                  Turns: 1014, Time: 00:03:03

Health: 37/37      AC:  2    Str: 13    XL:     4   Next: 52%
Magic:  4/4        EV: 12    Int: 12    God:    Dithmenos [**....]
Gold:   42         SH:  4    Dex: 15    Spells: 3/3 levels left

rFire   . . .      SeeInvis .      - Unarmed
rCold   . . .      Faith    .    (no shield)
rNeg    . . .      Spirit   .    a - +0 robe
rPois   .          Reflect  .    (no helmet)
rElec   .          Harm     .    (no cloak)
rCorr   .          Rampage  .    (no gloves)
Will    .....                    (no boots)
Stlth   ++........               (no amulet)
HPRegen 0.26/turn                (no ring)
MPRegen 0.09/turn                (no ring)

@: wreathed by umbra
A: spiny 1, condensation shield, weakness stinger 1
a: Renounce Religion, Shadow Step


You were on level 2 of the Dungeon.
You worshipped Dithmenos.
Dithmenos was pleased with you.
You visited 1 branch of the dungeon, and saw 2 of its levels.

You collected 42 gold pieces.

Inventory:

Missiles
 g - 8 poisoned darts (quivered)
Armour
 a - a +0 robe (worn)
Scrolls
 d - 3 scrolls of identify {unknown}
 f - 2 scrolls of blinking {unknown}
 h - 2 scrolls of amnesia {unknown}
 i - a scroll of immolation {unknown}
 j - a scroll of butterflies {unknown}
Potions
 b - a potion of ambrosia
 e - a potion of curing {unknown}
 k - a potion of magic {unknown}


   Skills:
 + Level 4.0 Fighting
 - Level 2.6 Dodging
 - Level 1.7 Stealth
 + Level 4.2 Unarmed Combat


You had 3 spell levels left.
You didn't know any spells.
Your spell library contained the following spells:

 Spells                   Type           Power      Damage    Failure   Level
 Anguish                  Hex/Necr       0%         N/A       97%         4
 Enfeeble                 Hex            0%         N/A       100%        7


Dungeon Overview and Level Annotations

Branches:
Dungeon (2/15)

Altars:
Dithmenos


Innate Abilities, Weirdness & Mutations

You are partially covered in sharp spines.
A meltable shield of frost defends you. (SH +4)
You have a small tail.


Message History

The black bear is heavily wounded.
You hit the black bear.
The black bear is severely wounded.
The black bear bites you but does no damage.
The black bear claws you but does no damage. x2
You smack the black bear!
You kill the black bear!
Your Fighting skill increases to level 4!
Your Unarmed Combat skill increases to level 4!
You have reached level 3!
Your experience leads to an increase in your attributes!
Increase (S)trength, (I)ntelligence, or (D)exterity?
You feel stronger. x2; Your demonic ancestry asserts itself...
Frost condenses into a shield before you.
You have reached level 4!
You feel clever.
Your demonic ancestry asserts itself...
You grow a small tail.
Are you sure you want to abandon this character and quit the game? (Confirm with "yes".)
Okay, then.
Unknown command.
Your transformation is almost over.
You feel less wooden.
Your +0 robe unmelds from your body.
Found a faded altar of an unknown god.
A frilled lizard comes into view.
The frilled lizard hisses angrily.
There is a faded altar of an unknown god here.
This altar belongs to (a) Dithmenos, (b) Okawaru or (c) Hepliaklqana, but you can't tell which.
Press the corresponding letter to learn more about a god, or press enter to convert or escape to cancel.
Okay, then.
The frilled lizard is struck by your spines.
You kill the frilled lizard!
No target in view!
No target in view!
There is a faded altar of an unknown god here.
This altar belongs to (a) Dithmenos, (b) Okawaru or (c) Hepliaklqana, but you can't tell which.
Press the corresponding letter to learn more about a god, or press enter to convert or escape to cancel.
Dithmenos accepts your prayer! Dithmenos welcomes you!
You are shrouded in an aura of darkness!
You can now step into the shadows of nearby creatures.
Are you sure you want to abandon this character and quit the game? (Confirm with "yes".)

### ..# #.# #.# #.#
###_#######
#..@......#..
#....†.........#.#
####.#.#.####..#.#
...#.#.......#.#####
###
#.#.......#.....##
#.#.......#......#
..#.###.###).....#
............†....#
###.####.##.####.#


There were no monsters in sight!

Vanquished Creatures
  A black bear (D:2)
  A ball python (D:1)
  2 bats
  An endoplasm (D:1)
  2 goblins (D:2)
  A quokka (D:1)
  A frilled lizard (D:2)
  A kobold (D:2)
  3 rats
13 creatures vanquished.

Notes
Turn   | Place    | Note
-------+----------+-------------------------------------------
     0 | D:1      | Kirkhe the Demonspawn Monk began the quest for the Orb.
     0 | D:1      | Reached XP level 1. HP: 18/18 MP: 1/1
   884 | D:2      | Gained mutation: You are partially covered in sharp spines.
                  | [demonic ancestry]
   884 | D:2      | Reached XP level 2. HP: 21/24 MP: 2/2
   948 | D:2      | Noticed a black bear
   957 | D:2      | Killed a black bear
   958 | D:2      | Gained mutation: A meltable shield of frost defends you.
                  | (SH +4) [demonic ancestry]
   958 | D:2      | Reached XP level 3. HP: 30/30 MP: 3/3
   958 | D:2      | Gained mutation: You have a small tail. [demonic ancestry]
   958 | D:2      | Reached XP level 4. HP: 37/37 MP: 4/4
   999 | D:2      | Found a faded altar of an unknown god.
  1012 | D:2      | Prayed at the altar of an unknown god.
  1012 | D:2      | Became a worshipper of Dithmenos the Shadowed
  1012 | D:2      | Reached * piety under Dithmenos
  1012 | D:2      | Reached ** piety under Dithmenos
  1014 | D:2      | Quit the game

Illustrated notes

Levels and vault maps discovered:
D:1:      heliophobic_arrival_ceremonial_halls, layout_loops_ring,
          chequers_arboretum
D:2:      layout_basic, basic_ecumenical_altar, uniq_jessica

Skill      XL: |  1  2 |
---------------+-------+-----
Unarmed Combat | 3 4 |  4.2
Fighting       | 4 |  4.0
Dodging        | |  2.6
Stealth        | |  1.7

Action                   |  1- 3 |  4- 6 || total
-------------------------+-------+-------++-------
Melee: Unarmed           |    46 |       ||    46
  Use: Potion            |     1 |       ||     1
 Stab: Sleeping          |     1 |       ||     1
Armor: Robe              |     9 |       ||     9
       Skin              |     8 |       ||     8
Dodge: Dodged            |    38 |       ||    38

Table legend: (Time is in decaauts)
 A = Elapsed time spent in this place.
 B = Non-inter-level travel time spent in this place.
 C = Inter-level travel time spent in this place.
 D = Time resting spent in this place.
 E = Time spent auto-exploring this place.
 F = Levels seen in this place.
 G = Mean time per level.
                   A        B        C        D        E       F      G
               +--------+--------+--------+--------+--------+-----+--------+
         Total |   1011 |    994 |     17 |      0 |    843 |   2 |  505.5 |
       Dungeon |   1011 |    994 |     17 |      0 |    843 |   2 |  505.5 |
               +--------+--------+--------+--------+--------+-----+--------+

Top non-repeatable levels by time:
     D:1: 797 daAuts
     D:2: 213 daAuts
